 Dungeon Sprint DCSS version 0.22.1-1-ga44c0e56f4 (webtiles) character file.

1031 MuseOD the Covert (level 8, -3/46 HPs)
             Began as a Spriggan Enchanter on Sept 28, 2018.
             Was a Believer of Dithmenos.
             Killed from afar by Josephine (28 damage)
             ... with a ghostly fireball
             ... in the Dungeon (Sprint III: "The Ten Rune Challenge").
             The game lasted 00:03:13 (1142 turns).

MuseOD the Covert (Spriggan Enchanter)              Turns: 1142, Time: 00:03:14

Health: -3/46      AC:  3    Str:  4    XL:     8   Next: 3%
Magic:  2/18       EV: 17    Int: 18    God:    Dithmenos [**....]
Gold:   18         SH:  0    Dex: 17    Spells: 4/19 levels left

rFire    . . .     SeeInvis +   a - +1 dagger
rCold    . . .     Gourm    .   (shield restricted)
rNeg     . . .     Faith    .   b - +0 robe
rPois    .         Spirit   .   (helmet restricted)
rElec    .         Reflect  .   k - +0 cloak
rCorr    .         Harm     .   (gloves unavailable)
MR       +....     NoTele   +   (boots unavailable)
Stlth    ++++++....             (no amulet)
HPRegen  0.15/turn              (no ring)
MPRegen  0.16/turn              (no ring)

@: wreathed by umbra, heavily drained, very quick
A: very small, unfitting armour, see invisible, herbivore, speed 3, slow
metabolism 2
a: Shadow Step, Renounce Religion


You were in the Dungeon.
You worshipped Dithmenos.
Dithmenos was pleased with you.
You were not hungry.

You visited 1 branch You collected 18 gold pieces.

Inventory:

Hand Weapons
 a - a +1 dagger (weapon)
Armour
 b - a +0 robe (worn)
 k - a +0 cloak (worn)
Wands
 r - a wand of digging (10)
Scrolls
 c - 2 scrolls of random uselessness {unknown}
 j - a scroll of blinking
 l - a scroll of holy word {unknown}
 m - 2 scrolls of identify {unknown}
 n - 3 scrolls of remove curse
 p - a scroll of immolation {unknown}
Potions
 e - 2 potions of curing
 f - a potion of heal wounds
 g - a potion of haste
 h - 2 potions of magic
 i - a potion of berserk rage
 o - 3 potions of flight
 q - 6 potions of mutation
Comestibles
 d - 4 rations


   Skills:
 + Level 7.0(5.8) Fighting
 + Level 11.9(10.5) Short Blades
 - Level 3.0(1.8) Dodging
 + Level 13.3(11.9) Stealth
 + Level 6.1(4.8) Spellcasting
 + Level 6.6(5.3) Hexes


You had 4 spell levels left.
You knew the following spells:

 Your Spells              Type           Power        Failure   Level  Hunger
a - Corona                Hex            ###....      1%          1    None
b - Ensorcelled Hibernat  Hex/Ice        ##....       7%          2    #......
c - Confuse               Hex            ###.....     4%          3    ###....
d - Dazzling Spray        Conj/Hex       ##....       14%         3    ###....
e - Tukima's Dance        Hex            ###.....     4%          3    ###....
f - Mephitic Cloud        Conj/Pois/Air  #.......     38%         3    ###....

Your spell library contained the following spells:

 Spells                   Type           Power        Failure   Level  Hunger
 Confusing Touch          Hex            ###...       1%          1    None
 Slow                     Hex            ###.....     2%          2    #......
 Animate Skeleton         Necr           N/A          14%         1    None
 Apportation              Tloc           #.....       14%         1    None
 Magic Dart               Conj           #...         14%         1    None
 Summon Small Mammal      Summ           #...         14%         1    None
 Blink                    Tloc           N/A          21%         2    #......
 Call Imp                 Summ           #.......     21%         2    #......
 Conjure Flame            Conj/Fire      #.......     38%         3    ###....


Dungeon Overview and Level Annotations

Branches:
Dungeon (1/1)

Altars:
Dithmenos
Elyvilon
Kikubaaqudgha
Okawaru
Ru
Sif Muna
Trog
Uskayaw
Vehumet
Wu Jian
Yredelemnul
Zin
The Shining One
Beogh

Annotations:
D Josephine


Innate Abilities, Weirdness & Mutations

You are very small and have problems with some larger weapons.
You are too small for most types of armour.
You have supernaturally acute eyesight. (SInv)
You are a herbivore.
You cover ground extremely quickly.
You need to consume almost no food.


Message History

Aiming: Confuse (safe; 3% risk of failure)
Press: ? - help, Shift-Dir - straight line, f/p - Josephine
Aim: Josephine, wielding a dagger and wearing an embroidered robe (umbra, Josephine resists with almost no effort.
Casting: Confuse (safe; 3% risk of failure)
Confirm with . or Enter, or press ? or * to list all spells.
Aiming: Ensorcelled Hibernation (safe; 5% risk of failure)
Press: ? - help, Shift-Dir - straight line, f/p - Josephine
Aim: Josephine, wielding a dagger and wearing an embroidered robe (umbra, Josephine resists with almost no effort.
Josephine hits you with a dagger. Josephine misses you.
You enter the shallow water.
Moving in this stuff is going to be slow.
Josephine hits you with a dagger!
Josephine grinds her teeth.
Josephine casts a spell at you.
The ghostly flame explodes!
The ghostly fireball engulfs you!
You feel drained.
Ouch! That really hurt!
You die...

###+#'###'##
#..........#
+÷⌠..@.....#
#...######+#
#.⌠.#
#...#+#####
#.@.#
#...#..≈≈≈+
#'###
#...#.#@§§#
#.))#
#...'.#§§§#
#___#
+...#.#§§@#
▓▓▓▓▓
▓▓▓▓▓▓▓▓▓▓▓


You could see Josephine.

Vanquished Creatures
  A deep elf mage (D)
  A shadow (D)
  A necrophage (D)
  Crazy Yiuf (D)
  A jelly (D)
  A wizard (D)
  A necromancer (D)
  A kobold demonologist (D)
  3 humans (D)
  2 oozes (D)
  2 rats (D)
15 creatures vanquished.

Vanquished Creatures (others)
  2 draconian scorchers (D)
  6 hellions (D)
  2 yaktaurs (D)
  3 plants (D)
13 creatures vanquished.

Grand Total: 28 creatures vanquished

Notes
Turn   | Place    | Note
-------+----------+-------------------------------------------
     0 | D        | MuseOD the Spriggan Enchanter began the quest for the Orb.
     0 | D        | Reached XP level 1. HP: 9/9 MP: 5/5
     4 | D        | Reached skill level 1 in Fighting
     4 | D        | Reached skill level 5 in Stealth
    13 | D        | Reached XP level 2. HP: 7/14 MP: 6/6
    17 | D        | Learned a level 2 spell: Ensorcelled Hibernation
   102 | D        | Killed a hellion
   118 | D        | Killed a hellion
   136 | D        | Killed a hellion
   137 | D        | Killed a hellion
   141 | D        | Killed a hellion
   156 | D        | Killed a yaktaur
   180 | D        | Killed a hellion
   185 | D        | Killed a white draconian scorcher
   185 | D        | Killed a white draconian scorcher
   327 | D        | Reached skill level 6 in Stealth
   327 | D        | Reached XP level 3. HP: 14/18 MP: 0/8
   332 | D        | Learned a level 3 spell: Confuse
   398 | D        | Noticed Crazy Yiuf
   413 | D        | Killed Crazy Yiuf
   413 | D        | Reached skill level 5 in Short Blades
   413 | D        | Reached skill level 7 in Stealth
   493 | D        | Noticed a water elemental
   719 | D        | Found a glowing silver altar of Zin.
   720 | D        | Found a glowing golden altar of the Shining One.
   720 | D        | Found a white marble altar of Elyvilon.
   721 | D        | Noticed a deep elf mage
   732 | D        | Killed a deep elf mage
   732 | D        | Reached skill level 5 in Fighting
   732 | D        | Reached skill level 11 in Stealth
   732 | D        | Reached XP level 4. HP: 27/28 MP: 5/9
   732 | D        | Reached XP level 5. HP: 31/32 MP: 5/10
   732 | D        | Reached XP level 6. HP: 35/36 MP: 5/11
   732 | D        | Killed a yaktaur
   737 | D        | Learned a level 3 spell: Dazzling Spray
   783 | D        | Found a basalt altar of Yredelemnul.
   783 | D        | Found a shadowy altar of Dithmenos.
   783 | D        | Found a sacrificial altar of Ru.
   785 | D        | Reached skill level 12 in Stealth
   786 | D        | Reached XP level 7. HP: 40/40 MP: 11/13
   790 | D        | Became a worshipper of Dithmenos the Shadowed
   796 | D        | Found a hide-covered altar of Uskayaw.
   796 | D        | Found an iron altar of Okawaru.
   797 | D        | Found a roughly hewn altar of Beogh.
   797 | D        | Found a bloodstained altar of Trog.
   797 | D        | Found an ornate altar of the Wu Jian Council.
   797 | D        | Noticed a human
   797 | D        | Noticed a human
   807 | D        | Killed a human
   807 | D        | Reached skill level 5 in Hexes
   812 | D        | Killed a human
   812 | D        | Reached skill level 13 in Stealth
   812 | D        | Reached skill level 5 in Spellcasting
   912 | D        | Found a radiant altar of Vehumet.
   912 | D        | Found a deep blue altar of Sif Muna.
   912 | D        | Found an ancient bone altar of Kikubaaqudgha.
   914 | D        | Reached * piety under Dithmenos
   969 | D        | Learned a level 3 spell: Tukima's Dance
   973 | D        | Learned a level 3 spell: Mephitic Cloud
   985 | D        | Noticed a shadow
   990 | D        | Killed a shadow
   990 | D        | Reached XP level 8. HP: 45/46 MP: 13/18
   994 | D        | Reached ** piety under Dithmenos
  1024 | D        | Noticed Josephine
  1142 | D        | Killed from afar by Josephine

Skill      XL: |  1  2  3  4  5  6  7 |
---------------+----------------------+-----
Fighting       | 1 2 5 6 7 |  7.0
Short Blades   | 3 4 11 | 11.9
Stealth        | 5 6 11 12 13 | 13.3
Spellcasting   | 3 6 |  6.1
Hexes          | 4 6 |  6.6
Dodging        | |  3.0

Action                   |  1- 3 |  4- 6 |  7- 9 || total
-------------------------+-------+-------+-------++-------
Melee: Dagger            |    31 |     2 |    13 ||    46
 Cast: Ensorcelled Hiber |     5 |       |     3 ||     8
       Confuse           |     2 |       |    13 ||    15
       Dazzling Spray    |       |       |     1 ||     1
 Stab: Sleeping          |     3 |     2 |     2 ||     7
       Confused          |     3 |       |     3 ||     6
       Invisible         |       |       |     2 ||     2
Armor: Robe              |     1 |       |       ||     1
Dodge: Dodged            |    10 |       |    11 ||    21
